 Dungeon Crawl Stone Soup version 0.25-a0-576-g50b708a4c4 (webtiles) character file.

Game seed: 11145482658891906000, levelgen mode: deterministic

68978 Flugslaktarn the Severer (level 14, -4/146 HPs)
             Began as a Deep Dwarf Fighter on Mar 2, 2020.
             Was the Champion of Makhleb.
             Hit by a catoblepas thrown by Polyphemus (10 damage)
             ... on level 3 of the Shoals.
             The game lasted 00:10:41 (12314 turns).

Flugslaktarn the Severer (Deep Dwarf Fighter)      Turns: 12314, Time: 00:10:41

Health: -4/146     AC: 23    Str: 25    XL:     14   Next: 88%
Magic:  9/9        EV:  7    Int:  9    God:    Makhleb [******]
Gold:   1605       SH: 19    Dex: 14    Spells: 13/13 levels left

rFire    + + .     SeeInvis .   Q - +2 war axe (venom)
rCold    + + +     Gourm    .   c - +0 kite shield
rNeg     + . .     Faith    .   I - +0 plate armour
rPois    .         Spirit   .   (no helmet)
rElec    .         Reflect  +   y - scarf {rC+ rF+}
rCorr    .         Harm     .   u - +0 pair of gloves
MR       ++...                  l - +1 pair of boots of the Inquisitive Scars {Str+3}
Stlth    ..........             o - +6 amulet of reflection
HPRegen  0.00/turn              p - +4 ring of protection
MPRegen  0.11/turn              K - ring of Yesterday {+Inv rC+++ Str-3 Dex+4 Stlth+}

@: non-regenerating
A: damage resistance, heal wounds, clumsy 1, fire resistance 1, negative energy
resistance 1, sense surroundings 2, robust 1, subdued magic 1, no regeneration
a: Heal Wounds, Minor Destruction, Lesser Servant of Makhleb, Major Destruction,
Greater Servant of Makhleb, Renounce Religion, Evoke Invisibility


You were on level 3 of the Shoals.
You worshipped Makhleb.
Makhleb was exalted by your worship.
You were not hungry.

You visited 3 branches of the dungeon, and saw 19 of its levels.
You also visited: Gauntlet.

You collected 1945 gold pieces.
You spent 340 gold pieces at shops.

Inventory:

Hand Weapons
 a - a +1 war axe
 A - a +2 hand axe of flaming
   (You found it on level 10 of the Dungeon)
 Q - a +2 war axe of venom (weapon)
   (You found it in a Gauntlet)
Missiles
 r - 2 throwing nets (quivered)
Armour
 c - a +0 kite shield (worn)
 l - the +1 pair of boots of the Inquisitive Scars (worn) {Str+3}
   (You found it on level 6 of the Dungeon)

   It affects your strength (+3).
   If you remove this armour, your AC will decrease by 2 (23 -> 21).
 u - a +0 pair of gloves (worn)
   (You found it on level 5 of the Dungeon)
 y - a scarf of resistance (worn)
   (You found it in a Gauntlet)
 I - a +0 plate armour (worn)
   (You found it on level 8 of the Dungeon)
Jewellery
 k - an uncursed ring of resist corrosion
   (You bought it in a shop on level 8 of the Dungeon)
 o - a +6 amulet of reflection (around neck)
   (You found it on level 4 of the Dungeon)
 p - a +4 ring of protection (left hand)
   (You found it on level 4 of the Dungeon)
 B - an uncursed amulet of harm
   (You found it on level 1 of the Lair of Beasts)
 C - an uncursed ring of flight
   (You found it on level 7 of the Dungeon)
 K - the ring of Yesterday (right hand) {+Inv rC+++ Str-3 Dex+4 Stlth+}
   (You acquired it on level 2 of the Lair of Beasts)

   [ring of stealth]

   It affects your strength (-3).
   It affects your dexterity (+4).
   It renders you almost immune to cold.
   It lets you turn invisible.
   It makes you more stealthy.
Wands
 b - a wand of clouds (8)
   (You found it on level 1 of the Lair of Beasts)
 i - a wand of acid (19)
   (You took it off an orc on level 6 of the Dungeon)
 s - a wand of iceblast (23)
   (You found it on level 5 of the Dungeon)
 v - a wand of digging (8)
   (You found it on level 8 of the Dungeon)
Scrolls
 j - 5 scrolls of immolation
 m - 2 scrolls of fear
 t - 4 scrolls of teleportation
 x - 11 scrolls of remove curse
 z - 4 scrolls of blinking
 D - 4 scrolls of fog
 E - 2 scrolls of enchant weapon
 G - a scroll of brand weapon
Potions
 d - 2 potions of might
 f - 4 potions of stabbing
 g - a potion of lignification
 h - 3 potions of haste
 n - 3 potions of magic
 q - a potion of curing
 F - 2 potions of cancellation
 H - 4 potions of mutation
 L - a potion of brilliance
 M - 2 potions of degeneration
 S - 2 potions of berserk rage {unknown}
 T - 3 potions of flight
Miscellaneous
 J - a lamp of fire
   (You found it on level 2 of the Lair of Beasts)
Comestibles
 e - 26 rations
 w - 2 chunks of flesh


   Skills:
 + Level 10.5 Fighting
 * Level 16.3 Axes
 + Level 12.3 Armour
 + Level 12.2 Shields
 + Level 12.8 Invocations
 - Level 5.0 Evocations


You had 13 spell levels left.
You didn't know any spells.
Your spell library was empty.

Dungeon Overview and Level Annotations

Branches:
Dungeon (10/15)            Temple (0/1) D:7            Lair (6/6) D:10
 Shoals (3/4) Lair:2       Spider (0/4) Lair:4        Slime (0/5) Lair:6
    Orc (0/2) D:9         Gauntlet (visited)

Altars:
Ashenzari
Dithmenos
Fedhas
Gozag
Hepliaklqana
Kikubaaqudgha
Makhleb
Okawaru
Ru
Xom
Zin

Shops:
D:6 *   D:8 =   Shoals:2 }

Portals:
Hell: Lair:6

Annotations:
Shoals:3 Polyphemus


Innate Abilities, Weirdness & Mutations

You are resistant to damage.
You can heal yourself by infusing magical energy.
You resist negative energy. (rN+)
You passively map the area around you.
You do not regenerate.
You are clumsy. (Dex -2)
Your flesh is heat resistant. (rF+)
You are robust. (+10% HP)
Your spells are a little easier to cast, but a little less powerful.


Message History

Unknown command.
The death yak stops moving altogether!
Polyphemus throws the death yak at you!
The death yak is engulfed in calcifying dust.
You are too injured to fight recklessly!
You are too injured to fight recklessly!
You are too injured to fight recklessly!
You slice Polyphemus!!
Polyphemus looks as sick as possible!
Polyphemus is severely wounded.
The helpless death yak fails to defend itself.
You slash the death yak! Polyphemus hits you!!
* * * LOW HITPOINT WARNING * * *
Polyphemus hits you but does no damage.
You hit Polyphemus.
Polyphemus looks as sick as possible!
Polyphemus is severely wounded.
The helpless death yak fails to defend itself.
You slash the death yak!
You hit the catoblepas but do no damage.
The catoblepas looks as sick as possible!
Polyphemus throws the catoblepas at you!
You die...

,
..≈≈≈≈≈≈≈≈≈≈≈≈...≈≈..*
,
,..≈≈.≈≈≈≈≈≈≈.≈.......,
, ,
..≈≈..≈≈≈≈≈......... ,
≈,, .^≈....≈≈≈...§....#
, , * ≈ ≈
*#......≈≈≈≈...^..#* ≈
≈ =.....≈≈≈≈≈§.....###.
, ≈ , ≈
......†§§.§..≈≈≈...≈≈≈
≈ ≈
.......§C††.......≈≈≈ ≈
≈≈
≈.......@.##.......≈≈ ≈
≈≈≈.≈≈..YY####.≈..≈≈<.
* ≈
≈≈≈≈≈≈≈≈..##.≈≈≈≈≈≈≈≈,
≈ ≈
≈≈≈≈≈≈.≈≈..≈≈≈≈≈≈≈≈>≈
≈≈ ≈≈ ≈
≈≈≈≈≈..≈≈≈≈≈≈≈≈≈≈≈≈.≈ ≈
≈≈≈≈≈≈≈≈≈≈≈≈≈≈≈≈≈≈≈≈≈≈
≈ ≈≈ ≈
≈≈≈≈≈≈≈≈≈≈..≈≈≈≈≈≈≈≈≈ ≈
≈≈≈≈≈≈≈≈≈≈....≈≈≈≈≈≈≈≈≈
≈ ≈≈≈≈≈≈≈≈≈.......%.≈≈
≈


You could see Polyphemus, a death yak (petrified) and a catoblepas.

Vanquished Creatures
  A dire elephant (Lair:6)
  A minotaur (Gauntlet)
  3 merfolk impalers
  A merfolk javelineer (Shoals:2)
  7 hydras
  A ghost crab (Gauntlet)
  Fannar (Lair:3)
  2 catoblepae
  3 two-headed ogres
  9 death yaks
  A death scarab (Gauntlet)
  Urug (Lair:1)
  A sixfirhy (Lair:6)
  4 sea snakes
  A wizard (Lair:6)
  An orb spider (Lair:4)
  3 fauns (Shoals:2)
  4 water nymphs
  7 merfolk sirens
  16 elephants
  4 black mambas
  2 gargoyles (Gauntlet)
  10 spiny frogs
  4 orange demons (Lair:6)
  7 komodo dragons
  An ice devil (Lair:6)
  4 rime drakes
  A hellwing (Lair:6)
  The ghost of LastManStanding the Thaumaturge, a novice DENe of Kikubaaqudgha (D:6)
  20 merfolk
  A polar bear (Lair:5)
  4 snapping turtles (Shoals:1)
  7 hippogriffs
  A wind drake (Shoals:1)
  12 blink frogs
  A slime creature (Lair:6)
  5 dream sheep (Lair:6)
  A basilisk (D:10)
  A water elemental (Shoals:1)
  4 hogs (D:7)
  2 wyverns
  22 yaks
  A human (D:7)
  A hungry ghost (D:8)
  Edmund (D:6)
  A spectral spiny frog (Gauntlet)
  10 water moccasins
  12 porcupines
  5 hell hounds (Lair:6)
  6 sky beasts
  2 orc warriors
  2 ice beasts (D:9)
  A necrophage (D:6)
  4 phantoms
  7 ogres
  12 wolves
  7 centaurs
  13 crocodiles
  9 bullfrogs
  A gnoll sergeant (D:7)
  4 killer bees (D:10)
  2 scorpions
  5 wights (D:9)
  4 howler monkeys
  3 vampire bats (Lair:6)
  A centaur zombie (D:9)
  6 hounds
  6 jellies
  2 bullfrog skeletons
  A gnoll shaman (D:6)
  5 orc wizards
  A centaur skeleton (D:10)
  2 orc priests
  4 iguanas
  8 worker ants
  2 hound zombies (D:10)
  A hound skeleton (D:6)
  A worker ant zombie (D:8)
  12 adders
  6 gnolls
  2 shadow imps
  2 oozes
  2 adder skeletons
  A worm (D:4)
  2 dart slugs
  8 leopard geckos
  40 orcs
  A ball python (D:3)
  8 bats
  3 giant cockroaches
  A hobgoblin (D:2)
  A kobold (D:1)
  2 quokkas
  4 frilled lizards
  A leopard gecko skeleton (D:5)
  3 fungi
  7 plants
442 creatures vanquished.

Vanquished Creatures (others)
  A merfolk aquamancer (Shoals:1)
  A centaur (Lair:2)
  5 fungi (Lair:6)
  2 plants
9 creatures vanquished.

Grand Total: 451 creatures vanquished

Notes
Turn   | Place    | Note
-------+----------+-------------------------------------------
     0 | D:1      | Flugslaktarn the Deep Dwarf Fighter began the quest for the
                  | Orb.
     0 | D:1      | Reached XP level 1. HP: 20/20 MP: 1/1
   114 | D:2      | Reached XP level 2. HP: 22/27 MP: 2/2
   269 | D:4      | Reached skill level 3 in Axes
   269 | D:4      | Reached XP level 3. HP: 32/34 MP: 3/3
   290 | D:4      | Reached XP level 4. HP: 36/42 MP: 4/4
   451 | D:4      | Reached skill level 4 in Axes
   451 | D:4      | Reached XP level 5. HP: 42/49 MP: 5/5
  1147 | D:5      | Entered Level 5 of the Dungeon
  1276 | D:5      | Noticed a sky beast
  1298 | D:5      | Reached XP level 6. HP: 43/57 MP: 6/6
  1300 | D:5      | Killed a sky beast
  1300 | D:5      | Reached skill level 5 in Axes
  1347 | D:5      | Noticed a sky beast
  1363 | D:5      | Killed a sky beast
  1363 | D:5      | Reached XP level 7. HP: 53/64 MP: 6/6
  1511 | D:5      | Reached skill level 5 in Shields
  1529 | D:5      | Found a hazy altar of Hepliaklqana.
  1700 | D:5      | Found an iron altar of Okawaru.
  1705 | D:5      | Found a shadowy altar of Dithmenos.
  1707 | D:5      | Found a shattered altar of Ashenzari.
  1729 | D:5      | Reached skill level 5 in Armour
  1924 | D:6      | Reached skill level 6 in Axes
  1933 | D:6      | Found Zuupp's General Store.
  1960 | D:6      | Bought a potion of haste for 100 gold pieces
  2061 | D:6      | Found a burning altar of Makhleb.
  2074 | D:6      | Reached XP level 8. HP: 49/73 MP: 5/5
  2084 | D:6      | Became a worshipper of Makhleb the Destroyer
  2098 | D:6      | Noticed Edmund
  2117 | D:6      | Killed Edmund
  2117 | D:6      | Reached skill level 7 in Axes
  2117 | D:6      | Reached skill level 1 in Invocations
  2182 | D:6      | Noticed LastManStanding's ghost (novice DENe)
  2183 | D:6      | Found a transporter.
  2185 | D:6      | Found a transporter.
  2215 | D:6      | Reached skill level 5 in Fighting
  2217 | D:6      | Killed LastManStanding's ghost
  2217 | D:6      | Reached skill level 8 in Axes
  2223 | D:6      | Got a pair of brightly glowing boots
  2231 | D:6      | Identified the +1 pair of boots of the Inquisitive Scars
                  | {Str+3} (You found it on level 6 of the Dungeon)
  2687 | D:7      | Gained mutation: You passively map the area around you.
                  | [Deep Dwarf growth]
  2687 | D:7      | Reached XP level 9. HP: 67/81 MP: 4/4
  2824 | D:7      | Found a staircase to the Ecumenical Temple.
  3078 | D:7      | Found a shimmering altar of Xom.
  3242 | D:7      | Reached * piety under Makhleb
  3246 | D:7      | Reached skill level 9 in Axes
  3350 | D:8      | Reached skill level 5 in Invocations
  3515 | D:8      | Found Toar's Jewellery Emporium.
  3520 | D:8      | Bought an uncursed ring of resist corrosion for 240 gold
                  | pieces
  3833 | D:8      | Found an opulent altar of Gozag.
  3833 | D:8      | Found a glowing silver altar of Zin.
  3959 | D:8      | Found an ancient bone altar of Kikubaaqudgha.
  3998 | D:8      | Reached XP level 10. HP: 91/91 MP: 7/7
  4368 | D:9      | Noticed a two-headed ogre
  4379 | D:9      | Killed a two-headed ogre
  4379 | D:9      | Reached skill level 10 in Axes
  4483 | D:9      | Reached ** piety under Makhleb
  4912 | D:9      | Found a staircase to the Orcish Mines.
  5104 | D:10     | Entered Level 10 of the Dungeon
  5164 | D:10     | Reached *** piety under Makhleb
  5225 | D:10     | Found a blossoming altar of Fedhas.
  5353 | D:10     | Noticed a two-headed ogre
  5354 | D:10     | Noticed a two-headed ogre
  5365 | D:10     | Killed a two-headed ogre
  5365 | D:10     | Reached skill level 11 in Axes
  5373 | D:10     | Noticed an elephant
  5378 | D:10     | Killed a two-headed ogre
  5378 | D:10     | Reached XP level 11. HP: 61/100 MP: 9/9
  5392 | D:10     | Found a staircase to the Lair.
  5448 | Lair:1   | Entered Level 1 of the Lair of Beasts
  5456 | Lair:1   | Noticed Urug
  5479 | Lair:1   | Killed Urug
  6225 | Lair:2   | Reached skill level 12 in Axes
  6357 | Lair:2   | Reached **** piety under Makhleb
  6439 | Lair:2   | Found a staircase to the Shoals.
  7085 | Lair:2   | Identified a scroll of acquirement
  7085 | Lair:2   | Identified the ring of Yesterday {+Inv rC+++ Str-3 Dex+4
                  | Stlth+} (You acquired it on level 2 of the Lair of Beasts)
  7148 | Lair:3   | Reached XP level 12. HP: 82/110 MP: 10/10
  7406 | Lair:3   | Reached skill level 13 in Axes
  7439 | Lair:3   | Noticed a seven-headed hydra
  7450 | Lair:3   | Killed a one-headed hydra
  7505 | Lair:3   | Reached skill level 10 in Armour
  7565 | Lair:3   | Found a shadowy altar of Dithmenos.
  7655 | Lair:3   | Noticed Fannar
  7676 | Lair:3   | Killed Fannar
  7676 | Lair:3   | Reached skill level 10 in Shields
  7967 | Lair:4   | Noticed an eight-headed hydra
  7981 | Lair:4   | Killed a one-headed hydra
  8021 | Lair:4   | Reached skill level 10 in Invocations
  8079 | Lair:4   | Found a hole to the Spider Nest.
  8505 | Lair:4   | Noticed a seven-headed hydra
  8515 | Lair:4   | Killed a one-headed hydra
  8544 | Lair:4   | Noticed a six-headed hydra
  8553 | Lair:4   | Killed a one-headed hydra
  8553 | Lair:4   | Reached ***** piety under Makhleb
  8553 | Lair:4   | Reached skill level 14 in Axes
  8910 | Lair:5   | Reached XP level 13. HP: 97/121 MP: 11/13
  9107 | Lair:5   | Reached skill level 1 in Evocations
  9726 | Lair:6   | Entered Level 6 of the Lair of Beasts
  9919 | Lair:6   | Found a staircase to the Slime Pits.
 10195 | Lair:6   | Found a gate leading to a gauntlet.
 10223 | Lair:6   | Reached skill level 15 in Axes
 10251 | Gauntlet | Entered a Gauntlet
 10251 | Gauntlet | Found a transporter.
 10251 | Gauntlet | Found a transporter.
 10269 | Gauntlet | Found a transporter.
 10273 | Gauntlet | Found a transporter.
 10280 | Gauntlet | Found a runed translucent door.
 10283 | Gauntlet | Found a transporter.
 10285 | Gauntlet | Found a transporter.
 10294 | Gauntlet | Found a transporter.
 10308 | Gauntlet | Found a runed translucent door.
 10309 | Gauntlet | Found a transporter.
 10310 | Gauntlet | Found a runed translucent door.
 10323 | Gauntlet | Found a transporter.
 10327 | Gauntlet | Found a transporter.
 10335 | Gauntlet | Found a transporter.
 10339 | Gauntlet | Found a transporter.
 10510 | Gauntlet | Reached skill level 5 in Evocations
 10587 | Gauntlet | Noticed a minotaur
 10605 | Gauntlet | Killed a minotaur
 10619 | Gauntlet | Identified the Guide on Entrancing Evil Secrets
 10624 | Gauntlet | Found the +4 robe of Augmentation {Str+4 Int+4 Dex+4}
 10659 | Lair:6   | Gained mutation: You resist negative energy. (rN+) [Deep
                  | Dwarf growth]
 10659 | Lair:6   | Reached XP level 14. HP: 90/130 MP: 10/10
 11154 | Lair:6   | Found a burning altar of Makhleb.
 11169 | Lair:6   | Reached skill level 10 in Fighting
 11201 | Lair:6   | Gained mutation: You are robust. (+10% HP) [potion of
                  | mutation]
 11201 | Lair:6   | Gained mutation: Your spells are a little easier to cast,
                  | but a little less powerful. [potion of mutation]
 11201 | Lair:6   | Gained mutation: You are clumsy. (Dex -2) [potion of
                  | mutation]
 11201 | Lair:6   | Gained mutation: Your flesh is heat resistant. (rF+)
                  | [potion of mutation]
 11278 | Lair:6   | Reached ****** piety under Makhleb
 11282 | Lair:6   | Found a gateway to Hell.
 11534 | Shoals:1 | Entered Level 1 of the Shoals
 11725 | Shoals:1 | Found a sacrificial altar of Ru.
 12080 | Shoals:2 | Found Derphiall's Gadget Shop.
 12094 | Shoals:2 | Reached skill level 16 in Axes
 12278 | Shoals:3 | Noticed Polyphemus
 12313 | Shoals:3 | HP: 6/146 [Polyphemus (31)]
 12314 | Shoals:3 | Hit by a catoblepas thrown by Polyphemus

Levels and vault maps discovered:
D:1:      noname_arrival_rooms_in_the_neighbourhood, layout_basic,
          kennysheep_nondescript, cheibriados_altar_1
D:2:      layout_basic, serial_forest, infiniplex_forest_clump_tiny,
          infiniplex_forest_clump_diagonal, infiniplex_forest_clump_medium,
          infiniplex_forest_clump_medium, infiniplex_forest_end_1,
          infiniplex_forest_clump_small
D:3:      layout_loops_ring, lemuel_coloured_pillars_altar,
          gammafunk_ghost_arena
D:4:      layout_basic, hangedman_decor_growths, grunt_ministairs_11,
          chequers_big_river
D:5:      layout_basic, old_standard_altar, minitemple, first_ration
D:6:      layout_loops_ring, makhleb_blood_cavern_becter, gammafunk_ghost_smash,
          serial_shops, nicolae_shop_trees, uniq_edmund
D:7:      layout_cave_pools, nicolae_overflow_crystal_walls,
          minmay_temple_entry_crystal_x, grunt_livestock, serial_park_tiny_1
D:8:      layout_loops_ring, grunt_temple_overflow_gold_and_silver,
          kiku_gazebo_garden_becter, serial_shops, shop, grunt_ministairs_8,
          nicolae_benzene_ring
D:9:      layout_roguey, nicolae_overflow_hidden_temple, hiddenorc1_lemuel,
          minmay_fractal_squares_gapless_5
D:10:     layout_basic, david_lair_generic, basic_altar
Lair:1:   layout_gridlike, grunt_megastairs_2, uniq_urug
Lair:2:   layout_regular_city, minmay_shoals_entry_centaurs
Lair:3:   layout_gridlike, basic_altar, minivault_26, serial_bayou_pond_d,
          minivault_11, st_stairs_11, grunt_megastairs_3, uniq_fannar
Lair:4:   layout_cave_pods, nicolae_spider_entry_orb_guardian
Lair:5:   layout_hall_layers
Lair:6:   evil_forest, layout_gridlike, minmay_slime_entry_pillars,
          gauntlet_entry_generic, roderic_batcave
Shoals:1: layout_shoals, lemuel_altar_in_water, uniq_louise
Shoals:2: layout_shoals, nicolae_shoals_c_island
Shoals:3: layout_shoals, uniq_polyphemus, uniq_roxanne

Skill      XL: |  1  2  3  4  5  6  7  8  9 10 11 12 13 14 |
---------------+-------------------------------------------+-----
Fighting       | 3 4 5 6 7 8 9 10 | 10.5
Axes           | 3 4 5 6 8 9 11 12 14 15 16 | 16.3
Armour         | 4 5 6 7 8 9 10 11 12 | 12.3
Shields        | 4 5 6 7 8 9 10 11 12 | 12.2
Invocations    | 3 5 7 9 10 11 12 | 12.8
Evocations     | 5 |  5.0

Action                   |  1- 3 |  4- 6 |  7- 9 | 10-12 | 13-15 || total
-------------------------+-------+-------+-------+-------+-------++-------
Melee: War axe           |    67 |   107 |   365 |   252 |   350 ||  1141
       Hand axe          |       |       |       |   678 |   676 ||  1354
 Abil: Heal Wounds       |     1 |     3 |    16 |     3 |    28 ||    51
Evoke: Wand              |       |       |       |       |     2 ||     2
  Use: Scroll            |       |       |       |    16 |     7 ||    23
       Potion            |       |       |       |       |     7 ||     7
 Stab: Invisible         |       |       |       |       |     1 ||     1
       Petrified         |       |       |       |       |    10 ||    10
  Eat: Ration            |       |     1 |       |     1 |     1 ||     3
       Chunk             |       |       |    11 |    13 |     9 ||    33
Armor: Scale mail        |    36 |    51 |    71 |       |       ||   158
       Chain mail        |       |       |    66 |       |       ||    66
       Plate armour      |       |       |    26 |   396 |   452 ||   874
Dodge: Dodged            |    12 |    31 |    83 |   144 |   187 ||   457
Block: Kite shield       |    45 |    52 |   244 |   790 |   982 ||  2113
       Reflection        |       |       |     1 |     6 |    34 ||    41

Table legend:
 A = Non-vault XP
 B = Vault XP
 C = Vault XP percentage of total XP
 D = Non-vault monster count
 E = Vault monster count
 F = Vault count percentage of total count
                 A         B        C        D         E       F
            +---------+---------+-------+---------+---------+-------
      Total |   71638 |   26902 |  27.3 |     333 |     101 |  23.3
            +---------+---------+-------+---------+---------+-------
        D:1 |      11 |       0 |   0.0 |       6 |       0 |   0.0
        D:2 |       6 |       0 |   0.0 |       3 |       0 |   0.0
        D:3 |       4 |       0 |   0.0 |       2 |       0 |   0.0
        D:4 |     263 |       3 |   1.1 |      12 |       1 |   7.7
        D:5 |     648 |       0 |   0.0 |      28 |       0 |   0.0
        D:6 |     877 |     968 |  52.5 |      25 |       7 |  21.9
        D:7 |     673 |     967 |  59.0 |      14 |       5 |  26.3
        D:8 |    1187 |     127 |   9.7 |      14 |       2 |  12.5
        D:9 |    1345 |    1276 |  48.7 |      25 |      20 |  44.4
       D:10 |    3018 |     499 |  14.2 |      24 |       3 |  11.1
     Lair:1 |    2305 |    1581 |  40.7 |      10 |       5 |  33.3
     Lair:2 |    4304 |     335 |   7.2 |      24 |       3 |  11.1
     Lair:3 |    5512 |    1823 |  24.9 |      21 |       6 |  22.2
     Lair:4 |    9587 |     613 |   6.0 |      22 |       1 |   4.3
     Lair:5 |    4648 |       0 |   0.0 |      15 |       0 |   0.0
     Lair:6 |   14618 |   11938 |  45.0 |      38 |      39 |  50.6
   Shoals:1 |   11787 |       0 |   0.0 |      28 |       0 |   0.0
   Shoals:2 |    8910 |       0 |   0.0 |      19 |       0 |   0.0
   Shoals:3 |    1935 |    1772 |  47.8 |       3 |       2 |  40.0
   Gauntlet |       0 |    5000 | 100.0 |       0 |       7 | 100.0
            +---------+---------+-------+---------+---------+-------
